[Event "December 12 Early 2023"]
[Site "https://www.chess.com"]
[Date "2023.12.12"]
[Round "9"]
[White "Erzhanov, Arman"]
[Black "Matveeva, Olga"]
[Result "1-0"]
[Board "89"]
[TimeControl "180+1"]
[WhiteFideId "4138821"]
[BlackFideId "24107018"]
[WhiteElo "2519"]
[BlackElo "2421"]
[WhiteTeam "KAZ"]
[BlackTeam "RUS"]
[WhiteClock "0:00:13"]
[BlackClock "0:00:13"]

1. e4 c6 2. d4 d5 3. exd5 cxd5 4. Bd3 Nc6 5. c3 Nf6 6. h3 e5 7. dxe5 Nxe5 8. Nf3 Nxd3+ 9. Qxd3 Be7 10. O-O O-O 11. Bg5 h6 12. Bh4 Be6 13. Nbd2 Re8 14. Rfe1 Qb6 15. Nb3 Rad8 16. Qd4 Qb5 17. Qxa7 Ra8 18. Qe3 Ne4 19. Bxe7 Rxe7 20. Nfd4 Qc4 21. f3 Nf6 22. Nf5 Ree8 23. Nd6 Qa6 24. Nxe8 Rxe8 25. Nc5 Qb5 26. Nxe6 Rxe6 27. Qd2 Qc5+ 28. Qd4 Qb5 29. Rxe6 fxe6 30. b3 Qe2 31. Qf2 Qd3 32. Rc1 Nh5 33. Qd4 Qe2 34. Qf2 Qd3 35. g3 Nxg3 36. Re1 Qg6 37. Kh2 h5 38. h4 Nf5 39. Rg1 Qf6 40. Rg5 Qe5+ 41. Kh3 Qxc3 42. Rxh5 Qc1 43. Rg5 Qh1+ 44. Kg4 Kf7 45. Kf4 Qc1+ 46. Kg4 Qh1 47. Rxf5+ exf5+ 48. Kxf5 Qh3+ 49. Ke5 Qe6+ 50. Kd4 Kf6 51. Qg3 Qc6 52. Qe5+ Kg6 53. Qxd5 Qc1 54. Qe4+ Kf7 55. Qxb7+ Kf6 56. Qe4 Qb1 57. Qxb1 1-0

[Event "December 12 Early 2023"]
[Site "https://www.chess.com"]
[Date "2023.12.12"]
[Round "9"]
[White "Topalov, Aleksandar"]
[Black "Grutter, Tim"]
[Result "1-0"]
[Board "90"]
[TimeControl "180+1"]
[WhiteFideId "925659"]
[BlackFideId "1057472"]
[WhiteElo "2384"]
[BlackElo "2514"]
[WhiteTeam "SRB"]
[BlackTeam "NED"]
[WhiteClock "0:00:15"]
[BlackClock "0:00:00"]

1. b3 d6 2. Bb2 e5 3. d4 e4 4. d5 f5 5. e3 Nf6 6. Ne2 g6 7. Nf4 Bg7 8. h4 O-O 9. Nc3 Ng4 10. Qd2 Be5 11. O-O-O Qf6 12. f3 Nh6 13. Kb1 Qg7 14. Be2 a5 15. a4 Na6 16. Rdg1 Nc5 17. Bc4 Kh8 18. Nd1 Bd7 19. Bd4 Rfb8 20. Nc3 Re8 21. Re1 Nf7 22. h5 g5 23. h6 Qf6 24. Nh5 Qxh6 25. f4 gxf4 26. exf4 Rg8 27. Rd1 e3 28. Qxe3 Rae8 29. fxe5 Qxe3 30. Bxe3 Nxe5 31. Nf6 Re7 32. Nxg8 Kxg8 33. Bxc5 dxc5 34. Rde1 Kf7 35. d6+ 1-0

[Event "December 12 Early 2023"]
[Site "https://www.chess.com"]
[Date "2023.12.12"]
[Round "9"]
[White "Reprintsev, Alexander"]
[Black "Donskov, Anatoly"]
[Result "1-0"]
[Board "91"]
[TimeControl "180+1"]
[WhiteFideId "14100541"]
[BlackFideId "24143413"]
[WhiteElo "2511"]
[BlackElo "2413"]
[WhiteTeam "UKR"]
[BlackTeam "RUS"]
[WhiteClock "0:00:23"]
[BlackClock "0:00:00"]

1. e4 c5 2. b3 e6 3. Nf3 a6 4. Bb2 d5 5. exd5 exd5 6. Bd3 h6 7. O-O Be6 8. Re1 Ne7 9. Nh4 Qd7 10. Qf3 Nbc6 11. Nf5 d4 12. c3 O-O-O 13. Nxe7+ Bxe7 14. cxd4 Nxd4 15. Qg3 Bf6 16. Nc3 Nxb3 17. Bb5 Qxd2 18. axb3 Qxb2 19. Na4 Be5 20. Qxe5 Qxe5 21. Rxe5 axb5 22. Rxc5+ Kb8 23. Rxb5 Bd7 24. Rb4 Bc6 25. Nb6 Kc7 26. Nc4 Rd4 27. h3 Rhd8 28. Kh2 Re8 29. Ra7 Re2 30. Kg3 h5 31. f3 1-0

[Event "December 12 Early 2023"]
[Site "https://www.chess.com"]
[Date "2023.12.12"]
[Round "9"]
[White "Silvestre, Christian"]
[Black "Gavrilov, Maxim"]
[Result "0-1"]
[Board "92"]
[TimeControl "180+1"]
[WhiteFideId "30956269"]
[BlackFideId "24271454"]
[WhiteElo "2349"]
[BlackElo "2510"]
[WhiteTeam "USA"]
[BlackTeam "RUS"]
[WhiteClock "0:00:44"]
[BlackClock "0:00:28"]

1. e4 c5 2. c3 d5 3. exd5 Qxd5 4. d4 Nc6 5. Nf3 Bg4 6. Be2 Nf6 7. c4 Qd7 8. d5 Bxf3 9. Bxf3 Nd4 10. O-O g6 11. Be3 Nxf3+ 12. Qxf3 Rc8 13. Nc3 Bg7 14. Rfe1 O-O 15. Rad1 Rfe8 16. Bg5 h6 17. Bh4 a6 18. a4 Nh7 19. b3 Nf8 20. Ne4 f5 21. Nd2 g5 22. Bg3 f4 23. Bxf4 gxf4 24. Qxf4 Ng6 25. Qe4 Qd6 26. g3 Rf8 27. f4 Rf7 28. Nf3 Rcf8 29. Ne5 Nxe5 30. fxe5 Bxe5 31. Qxe5 Rf1+ 32. Kg2 Qxe5 33. Rxe5 R8f2+ 34. Kh3 Rxd1 35. Rxe7 Rf7 36. Re8+ Kg7 37. Rc8 Rd3 38. Rxc5 Rxb3 39. d6 Rd3 40. Rc7 Rxd6 41. Rxf7+ Kxf7 42. c5 Rd4 0-1

[Event "December 12 Early 2023"]
[Site "https://www.chess.com"]
[Date "2023.12.12"]
[Round "9"]
[White "Santos, Rafael Ventura Dos"]
[Black "Krzywda, Andrzej"]
[Result "0-1"]
[Board "93"]
[TimeControl "180+1"]
[WhiteFideId "2122227"]
[BlackFideId "1114565"]
[WhiteElo "2306"]
[BlackElo "2509"]
[WhiteTeam "BRA"]
[BlackTeam "POL"]
[WhiteClock "0:00:15"]
[BlackClock "0:00:10"]

1. e4 e5 2. Nf3 Nf6 3. d4 Nxe4 4. Bd3 d5 5. Nxe5 Bd6 6. O-O O-O 7. c4 c5 8. cxd5 Nf6 9. Nf3 Nxd5 10. Nc3 Nxc3 11. bxc3 h6 12. h3 Nc6 13. Be3 cxd4 14. cxd4 Ne7 15. Re1 Be6 16. Ne5 Rc8 17. Be4 Bd5 18. Bxd5 Nxd5 19. Qf3 Nxe3 20. Rxe3 b6 21. a4 Qc7 22. Qf5 Rfe8 23. Rf3 Bxe5 24. dxe5 Rxe5 25. Qg4 Rce8 26. g3 Re1+ 27. Rxe1 Rxe1+ 28. Kg2 Re6 29. h4 Qc6 30. Kh2 Re4 31. Qf5 Qe6 32. Qb5 Re1 33. Qd3 Re5 34. Qd8+ Qe8 35. Qd3 Qxa4 36. Qd8+ Qe8 37. Qd3 b5 38. Qc3 a5 39. Qxa5 g6 40. Rd3 Qe7 41. Qc3 Rc5 42. Qd4 Qe5 43. Qd8+ Kg7 44. Qd7 Rc7 45. Qd8 Re7 46. Qa5 h5 47. Re3 Qf6 48. Rxe7 Qxe7 49. Qxb5 Qf6 50. Qc5 Qe6 51. Qe3 Qxe3 52. fxe3 Kf6 53. Kg2 Ke5 54. Kf3 Kd5 55. Kf4 Ke6 56. Kg5 Ke5 57. e4 Kxe4 58. Kf6 Kf3 59. Kxf7 Kxg3 60. Kxg6 Kxh4 61. Kf5 Kg3 62. Ke4 h4 63. Ke3 Kg2 64. Ke2 h3 65. Ke3 h2 0-1

[Event "December 12 Early 2023"]
[Site "https://www.chess.com"]
[Date "2023.12.12"]
[Round "9"]
[White "Ernst, Luca"]
[Black "Dinu, Dumitru-Daniel"]
[Result "0-1"]
[Board "94"]
[TimeControl "180+1"]
[WhiteFideId "45117055"]
[BlackFideId "1208403"]
[WhiteElo "2342"]
[BlackElo "2508"]
[WhiteTeam "FRA"]
[BlackTeam "ROU"]
[WhiteClock "0:00:00"]
[BlackClock "0:00:05"]

1. Nf3 Nf6 2. c4 e6 3. Nc3 Bb4 4. Qb3 c5 5. g4 b6 6. g5 Ng8 7. Nb5 d6 8. a3 Ba5 9. Qd3 d5 10. cxd5 Ba6 11. b4 Qd7 12. e4 cxb4 13. axb4 Bxb4 14. Bb2 f6 15. Nfd4 exd5 16. Bh3 Qe7 17. Nf5 dxe4 18. Qc4 Bxd2+ 19. Kxd2 Qd7+ 20. Nbd6+ Kf8 21. Rxa6 Nxa6 22. Qxa6 Ne7 23. Ba3 Rd8 24. Nxe7 Qxe7 25. Qb7 Qxb7 26. Ke2 Qe7 27. Nc4 Rd3 28. Bxe7+ Kxe7 29. gxf6+ gxf6 30. Re1 Rxh3 31. Nd2 f5 32. f3 Rxh2+ 33. Ke3 Rd8 34. fxe4 Rdxd2 0-1

[Event "December 12 Early 2023"]
[Site "https://www.chess.com"]
[Date "2023.12.12"]
[Round "9"]
[White "Durucay, Uygar"]
[Black "Osmonbekov, Talaibek"]
[Result "1-0"]
[Board "95"]
[TimeControl "180+1"]
[WhiteFideId "44591560"]
[BlackFideId "2017253"]
[WhiteElo "2505"]
[BlackElo "2247"]
[WhiteTeam "TUR"]
[BlackTeam "USA"]
[WhiteClock "0:00:38"]
[BlackClock "0:00:00"]

1. d4 e6 2. c4 f5 3. Bf4 Nf6 4. Nf3 g6 5. e3 Bg7 6. Nc3 O-O 7. Be2 d6 8. O-O Nc6 9. a3 Qe7 10. b4 e5 11. dxe5 dxe5 12. Bg5 h6 13. Bxf6 Qxf6 14. Nd5 Qf7 15. b5 e4 16. Nd4 Nxd4 17. exd4 c6 18. bxc6 bxc6 19. Ne3 c5 20. dxc5 Bxa1 21. Qxa1 Be6 22. Qe5 Rac8 23. Nd5 Bxd5 24. cxd5 Rxc5 25. Rd1 Rd8 26. h4 Rcxd5 27. Rxd5 Rxd5 28. Qb8+ Kh7 29. h5 g5 30. Kh2 Rc5 31. g3 Qc7 32. Qf8 f4 33. Qe8 fxg3+ 34. fxg3 Qg7 35. Qxe4+ Kh8 36. Bc4 Rxc4 37. Qxc4 Qb2+ 38. Kh3 Qf6 39. Qc8+ Kg7 40. Qd7+ Qf7 41. Qd4+ Kh7 42. Qe4+ Kg7 43. Qe5+ Kh7 44. Kg4 Qd7+ 45. Qf5+ Qxf5+ 46. Kxf5 Kg7 47. Ke6 a5 48. g4 1-0

[Event "December 12 Early 2023"]
[Site "https://www.chess.com"]
[Date "2023.12.12"]
[Round "9"]
[White "Rodriguez Avila, Alvaro"]
[Black "Wanyama, Harold"]
[Result "0-1"]
[Board "96"]
[TimeControl "180+1"]
[WhiteFideId "24570249"]
[BlackFideId "10000380"]
[WhiteElo "2279"]
[BlackElo "2504"]
[WhiteTeam "ESP"]
[BlackTeam "UGA"]
[WhiteClock "0:01:50"]
[BlackClock "0:02:30"]

1. e4 c5 2. Nf3 e6 3. d4 cxd4 4. Nxd4 Nc6 5. Nxc6 bxc6 6. Bd3 Qc7 7. O-O d5 8. c4 Nf6 9. Nc3 Bd6 10. g3 d4 11. Ne2 e5 12. Bg5 Rb8 13. b3 Nd7 14. Bf6 Nxf6 15. Kg2 Qd7 16. Ng1 h5 17. f4 Ng4 18. Qe2 Ne3+ 19. Kh1 h4 0-1

[Event "December 12 Early 2023"]
[Site "https://www.chess.com"]
[Date "2023.12.12"]
[Round "9"]
[White "Semenova, Alina"]
[Black "Kraiouchkine, Nikita"]
[Result "1-0"]
[Board "97"]
[TimeControl "180+1"]
[WhiteFideId "24113875"]
[BlackFideId "2607140"]
[WhiteElo "2223"]
[BlackElo "2502"]
[WhiteTeam "RUS"]
[BlackTeam "CAN"]
[WhiteClock "0:00:11"]
[BlackClock "0:00:08"]

1. e4 e5 2. Nf3 Nc6 3. d4 exd4 4. Nxd4 Nf6 5. Nxc6 bxc6 6. e5 Qe7 7. Qe2 Nd5 8. c4 Nb6 9. b3 g6 10. Bb2 Bg7 11. Nd2 O-O 12. g3 d6 13. Bg2 Bb7 14. O-O dxe5 15. Rfe1 Rfe8 16. a4 a5 17. Ba3 Qe6 18. Ne4 Rad8 19. Nc5 Qc8 20. Nxb7 Qxb7 21. Qe4 Re6 22. Rad1 Qb8 23. Qh4 Bf6 24. Qe4 Nd7 25. Rd3 Nf8 26. Red1 Rde8 27. Bh3 Kg7 28. Bxf8+ Kxf8 29. Bxe6 Rxe6 30. Qe3 Qb4 31. Rd7 Kg7 32. Rxc7 Be7 33. Rdd7 e4 34. Rb7 Qa3 35. c5 Qa1+ 36. Kg2 Qe5 37. Qf4 Qxc5 38. Qc7 Rf6 39. Rd2 e3 40. Qxe7 Qxe7 41. Rxe7 exd2 42. Rd7 Re6 43. Rxd2 Kf6 44. Kf3 Ke5 45. Ke3 Rf6 46. f4+ Kf5 47. Rc2 Kg4 48. Rc5 Kh3 49. Rxa5 Kxh2 50. Kf3 Rd6 51. Re5 Rd3+ 52. Re3 Rd2 53. Re2+ Rxe2 54. Kxe2 Kxg3 55. a5 h5 56. a6 h4 57. a7 h3 58. a8=Q h2 59. Qxc6 Kxf4 60. Qh1 Kg3 61. Kf1 f5 62. Qg2+ Kf4 63. Qxh2+ Ke3 64. Qg3+ 1-0

[Event "December 12 Early 2023"]
[Site "https://www.chess.com"]
[Date "2023.12.12"]
[Round "9"]
[White "Banzea, Alexandru-Bogdan"]
[Black "Turzo, Attila"]
[Result "1-0"]
[Board "98"]
[TimeControl "180+1"]
[WhiteFideId "1232622"]
[BlackFideId "704954"]
[WhiteElo "2584"]
[BlackElo "2477"]
[WhiteTeam "ROU"]
[BlackTeam "HUN"]
[WhiteClock "0:01:44"]
[BlackClock "0:00:17"]

1. d4 d5 2. Nc3 Nf6 3. Bf4 a6 4. e3 Bf5 5. f3 e6 6. g4 Bg6 7. h4 h5 8. g5 Nfd7 9. Bd3 Bxd3 10. Qxd3 g6 11. Nge2 c5 12. O-O-O Nc6 13. e4 c4 14. Qe3 Nb6 15. exd5 Nxd5 16. Nxd5 Qxd5 17. Nc3 Qf5 18. d5 Nd8 19. Ne4 Be7 20. d6 Bxg5 21. hxg5 O-O 22. Nf6+ Kg7 23. Be5 Nc6 24. Nxh5+ Kg8 25. Nf6+ 1-0

[Event "December 12 Early 2023"]
[Site "https://www.chess.com"]
[Date "2023.12.12"]
[Round "9"]
[White "Goncalves, Davi Sulzbacher"]
[Black "Tasev, Dejan"]
[Result "0-1"]
[Board "99"]
[TimeControl "180+1"]
[WhiteFideId "2154510"]
[BlackFideId "936618"]
[WhiteElo "2469"]
[BlackElo "2561"]
[WhiteTeam "BRA"]
[BlackTeam "SRB"]
[WhiteClock "0:00:00"]
[BlackClock "0:00:48"]

1. Nf3 Nf6 2. c4 g6 3. d4 Bg7 4. Nc3 O-O 5. e4 d6 6. Be2 e5 7. O-O Nc6 8. d5 Ne7 9. b4 Ne8 10. a4 h6 11. c5 f5 12. Nd2 f4 13. Bg4 h5 14. Bxc8 Rxc8 15. f3 g5 16. Nc4 Ng6 17. a5 Rf7 18. a6 b6 19. Nb5 Ra8 20. Ra2 Bf8 21. c6 Nf6 22. Kh1 g4 23. g3 Bh6 24. Rg2 Kh7 25. fxg4 hxg4 26. gxf4 exf4 27. Rxg4 Nxg4 28. Qxg4 Qe7 29. Re1 Ne5 30. Nxe5 Qxe5 31. Bd2 Rg8 32. Qe6 Qh5 33. Rf1 Rfg7 34. Qf5+ Qxf5 35. exf5 f3 36. Bxh6 Kxh6 37. h4 Rg4 0-1

[Event "December 12 Early 2023"]
[Site "https://www.chess.com"]
[Date "2023.12.12"]
[Round "9"]
[White "Yelisieiev, Yevhenii"]
[Black "Aalto, Patrik"]
[Result "1-0"]
[Board "100"]
[TimeControl "180+1"]
[WhiteFideId "14139642"]
[BlackFideId "510726"]
[WhiteElo "2558"]
[BlackElo "2447"]
[WhiteTeam "GER"]
[BlackTeam "FIN"]
[WhiteClock "0:00:35"]
[BlackClock "0:00:00"]

1. d4 Nf6 2. Nf3 d5 3. e3 Bf5 4. Bd3 Bxd3 5. Qxd3 e6 6. O-O c5 7. b3 Nc6 8. Bb2 cxd4 9. exd4 Bd6 10. Nbd2 O-O 11. Ne5 Nb4 12. Qh3 Nxc2 13. Rac1 Rc8 14. f4 Ne4 15. Nxe4 dxe4 16. Nc4 Nb4 17. Ba3 Be7 18. Qe3 Nd3 19. Bxe7 Qxe7 20. Rcd1 f5 21. Kh1 b5 22. Ne5 Nxe5 23. dxe5 Rfd8 24. Rxd8+ Rxd8 25. Rc1 Rd3 26. Qe1 e3 27. h3 Qb7 28. Rc2 Qd5 29. Rc8+ Kf7 30. Rc7+ 1-0

[Event "December 12 Early 2023"]
[Site "https://www.chess.com"]
[Date "2023.12.12"]
[Round "9"]
[White "Barath1308"]
[Black "Hajiyev, Kanan"]
[Result "0-1"]
[Board "101"]
[TimeControl "180+1"]
[BlackFideId "13404148"]
[WhiteElo "2392"]
[BlackElo "2548"]
[BlackTeam "AZE"]
[WhiteClock "0:00:45"]
[BlackClock "0:00:06"]

1. d4 d5 2. Nf3 c5 3. c4 cxd4 4. Nxd4 e5 5. Nf3 e4 6. Nd4 Nc6 7. Nc3 dxc4 8. Nxc6 Qxd1+ 9. Kxd1 bxc6 10. Nxe4 Bf5 11. Nc3 O-O-O+ 12. Ke1 Nf6 13. Bd2 Bc5 14. f3 Bf2+ 15. Kxf2 Rxd2 16. Na4 Re8 17. Rc1 Bd3 18. Ke1 Rdxe2+ 19. Bxe2 Rxe2+ 20. Kd1 Nd5 21. Rc3 Nxc3+ 22. Nxc3 Rxg2 23. Re1 Kd7 24. Ne4 Rxb2 25. Nc5+ Kd6 26. Nxd3 cxd3 27. Re3 Rxa2 28. Rxd3+ Ke6 29. Rc3 Kd5 30. Rd3+ Ke5 31. Rc3 Rxh2 32. Rxc6 Rf2 33. Rc3 Kd4 34. Ra3 a6 35. Ke1 Rb2 36. Rxa6 Ke3 37. Ra3+ Kf4 38. Ra7 f5 39. Rxg7 Ke3 40. Re7+ Kxf3 41. Rxh7 Rb1+ 42. Kd2 f4 43. Rf7 Kg3 44. Rg7+ Kf2 45. Rf7 f3 46. Rf8 Rb7 47. Rd8 Kf1 48. Ke3 Rb3+ 49. Kd2 f2 50. Rf8 Rg3 51. Rf7 Rg5 52. Ke3 Re5+ 53. Kd2 Kg2 54. Rg7+ Kf3 55. Rf7+ Kg3 56. Rg7+ Kh2 57. Rf7 Kg1 58. Rg7+ Kf1 59. Rf7 Re4 60. Rf8 Ra4 61. Ke3 Ke1 0-1

[Event "December 12 Early 2023"]
[Site "https://www.chess.com"]
[Date "2023.12.12"]
[Round "9"]
[White "Munoz Sanchez, Miguel"]
[Black "Kotlyar, Kirill"]
[Result "0-1"]
[Board "102"]
[TimeControl "180+1"]
[WhiteFideId "3600734"]
[BlackFideId "24145599"]
[WhiteElo "2349"]
[BlackElo "2548"]
[WhiteTeam "ECU"]
[BlackTeam "RUS"]
[WhiteClock "0:00:01"]
[BlackClock "0:00:10"]

1. Nf3 Nf6 2. g3 g6 3. Bg2 Bg7 4. O-O O-O 5. c4 c6 6. Nc3 d5 7. cxd5 cxd5 8. d4 Ne4 9. Bf4 Nxc3 10. bxc3 Nc6 11. h4 Bf5 12. Nd2 Rc8 13. e4 dxe4 14. Nxe4 e5 15. Bg5 Qb6 16. Nd6 Rb8 17. Nxf5 gxf5 18. d5 Na5 19. Rb1 Qd6 20. Qd3 Rbc8 21. Rfc1 b6 22. c4 Nb7 23. Qxf5 Nc5 24. h5 h6 25. Be3 Rfe8 26. Rb5 a6 27. Rb2 Nd7 28. Rcb1 Rb8 29. Be4 Nc5 30. Qh7+ Kf8 31. f3 Rec8 32. Rf2 Nxe4 33. fxe4 Rxc4 34. Rbf1 Rb7 35. Qf5 Rcc7 36. g4 Kg8 37. g5 hxg5 38. Bxg5 b5 39. Rg2 Kh8 40. h6 Bxh6 41. Bf6+ Bg7 42. Bxg7+ Kg8 43. Bf6+ Kf8 44. Rg8+ Kxg8 45. Qg5+ Kf8 46. Qg7+ Ke8 47. Qg8+ Qf8 48. Qg4 Rd7 49. Rc1 Rbc7 50. Rc6 Rxc6 51. dxc6 Qc5+ 52. Kg2 Rd2+ 53. Kh3 Qe3+ 54. Qg3 Qxg3+ 55. Kxg3 Rc2 56. Bxe5 Rxc6 57. Kf4 Kd7 58. Bd4 Rc2 59. Kf5 Rxa2 0-1

[Event "December 12 Early 2023"]
[Site "https://www.chess.com"]
[Date "2023.12.12"]
[Round "9"]
[White "Storn, Justin"]
[Black "Asish Panda"]
[Result "0-1"]
[Board "103"]
[TimeControl "180+1"]
[WhiteFideId "30922720"]
[BlackFideId "45012458"]
[WhiteElo "2347"]
[BlackElo "2532"]
[WhiteTeam "USA"]
[BlackTeam "IND"]
[WhiteClock "0:00:02"]
[BlackClock "0:00:04"]

1. Nf3 d5 2. g3 Nf6 3. Bg2 e6 4. O-O Be7 5. d4 O-O 6. c4 b6 7. Nc3 Bb7 8. cxd5 exd5 9. Ne5 Nbd7 10. Qa4 Nb8 11. Bg5 a6 12. Rfd1 Ne4 13. Bxe7 Qxe7 14. Qb3 Nxc3 15. bxc3 Rd8 16. Qc2 Nd7 17. Nd3 c5 18. c4 dxc4 19. Bxb7 cxd3 20. Rxd3 Rab8 21. Bxa6 cxd4 22. Rxd4 Nc5 23. Rxd8+ Rxd8 24. Bb5 h5 25. h4 Ne6 26. e3 Nc5 27. Rd1 g6 28. a4 Rd6 29. Bc4 Rf6 30. Rd4 Qe5 31. Rf4 Rd6 32. Bxf7+ Kg7 33. Bc4 Qa1+ 34. Kg2 Qxa4 35. Rf7+ Kh6 36. Qc1 Ne4 37. Qb2 Nf6 38. Rxf6 Qc6+ 39. Kh2 Rxf6 40. Bf1 Qf3 41. Kg1 b5 42. Bg2 Qd1+ 43. Kh2 Qd6 44. Qxb5 Rxf2 45. Qg5+ Kg7 46. e4 Qf6 47. Qxf6+ Kxf6 48. Kg1 Rd2 49. Bf3 Ke5 50. Kf1 Kd4 51. Ke1 Ke3 52. Bd1 Rg2 53. e5 Rg1# 0-1

[Event "December 12 Early 2023"]
[Site "https://www.chess.com"]
[Date "2023.12.12"]
[Round "9"]
[White "Play, Gilles"]
[Black "IranianCheetah"]
[Result "1-0"]
[Board "104"]
[TimeControl "180+1"]
[WhiteFideId "45130892"]
[WhiteElo "2513"]
[BlackElo "2344"]
[WhiteTeam "FRA"]
[WhiteClock "0:02:16"]
[BlackClock "0:00:44"]

1. e4 e5 2. Bc4 Nf6 3. d4 exd4 4. Nf3 Nc6 5. O-O Nxe4 6. Re1 d5 7. Bxd5 Qxd5 8. Nc3 Qa5 9. Nxe4 Be6 10. Bg5 h6 11. Bh4 Be7 12. Bxe7 Kxe7 13. Nxd4 Nxd4 14. Qxd4 Kf8 15. Nc5 Re8 16. Nxb7 Qb6 17. Nc5 h5 18. Rxe6 1-0

[Event "December 12 Early 2023"]
[Site "https://www.chess.com"]
[Date "2023.12.12"]
[Round "9"]
[White "Iljin, Timofey"]
[Black "Tuleyeva-Aketayeva, Dana"]
[Result "1-0"]
[Board "105"]
[TimeControl "180+1"]
[WhiteFideId "14110180"]
[BlackFideId "13701932"]
[WhiteElo "2497"]
[BlackElo "2325"]
[WhiteTeam "UKR"]
[BlackTeam "KAZ"]
[WhiteClock "0:01:33"]
[BlackClock "0:00:00"]

1. e4 c5 2. c3 d5 3. exd5 Qxd5 4. d4 Nc6 5. Nf3 Bg4 6. Be2 Nf6 7. O-O e6 8. Be3 cxd4 9. cxd4 Be7 10. Nc3 Qd7 11. h3 Bh5 12. g4 Bg6 13. Ne5 Nxe5 14. dxe5 Qxd1 15. Rfxd1 Ne4 16. Bb5+ Kf8 17. Nxe4 Bxe4 18. Rd7 h5 19. Rad1 hxg4 20. Rxe7 Rxh3 21. f3 Rg3+ 22. Kf2 Rxf3+ 23. Ke2 Rxe3+ 24. Kxe3 Kxe7 25. Rd7+ Kf8 26. Kxe4 g5 27. Rxb7 Rd8 28. Bd7 Ke7 29. Bc6+ Kf8 30. Rxa7 Rd2 31. Ra8+ Kg7 32. Rb8 Rf2 33. Rb3 1-0

[Event "December 12 Early 2023"]
[Site "https://www.chess.com"]
[Date "2023.12.12"]
[Round "9"]
[White "Pertinez Soria, Juan Luis"]
[Black "Shukhman, Anna"]
[Result "0-1"]
[Board "106"]
[TimeControl "180+1"]
[WhiteFideId "2225620"]
[BlackFideId "54180058"]
[WhiteElo "2225"]
[BlackElo "2478"]
[WhiteTeam "ESP"]
[BlackTeam "FID"]
[WhiteClock "0:00:11"]
[BlackClock "0:00:17"]

1. e4 Nf6 2. d3 d5 3. Nd2 e5 4. Ngf3 Nc6 5. a3 a5 6. Be2 Bc5 7. O-O O-O 8. h3 Re8 9. Re1 h6 10. Bf1 d4 11. g3 b5 12. Bg2 a4 13. Nf1 b4 14. Nh4 bxa3 15. bxa3 Rb8 16. Nd2 Ne7 17. Nc4 Nd7 18. Qh5 Ng6 19. Nxg6 Nf6 20. Qf3 fxg6 21. g4 Ba6 22. Nb2 Qd7 23. Qg3 g5 24. Qf3 Rb6 25. Qf5 Qc6 26. h4 Bc8 27. Qg6 Nxg4 28. Qxc6 Rxc6 29. hxg5 h5 30. Nc4 Ba6 31. Nb2 Bb5 32. f4 exf4 33. Bxf4 Bf8 34. e5 Rxc2 35. Bd5+ Kh8 36. Rab1 Bc6 37. Bxc6 Rxc6 38. Nxa4 Bxa3 39. Ra1 Be7 40. Re2 Rf8 41. Rf1 Rg6 42. Nb2 Bxg5 43. Bxg5 Rxf1+ 44. Kxf1 Rxg5 45. e6 Rf5+ 46. Ke1 Ne3 47. Nc4 Rf1+ 48. Kd2 Rd1# 0-1

[Event "December 12 Early 2023"]
[Site "https://www.chess.com"]
[Date "2023.12.12"]
[Round "9"]
[White "Quirke, Jeffrey"]
[Black "Lehtosaari, Mauri"]
[Result "0-1"]
[Board "107"]
[TimeControl "180+1"]
[WhiteFideId "2013029"]
[BlackFideId "501999"]
[WhiteElo "2182"]
[BlackElo "2478"]
[WhiteTeam "USA"]
[BlackTeam "FIN"]
[WhiteClock "0:00:01"]
[BlackClock "0:01:00"]

1. e4 d5 2. exd5 Qxd5 3. Nc3 Qd8 4. Nf3 Nf6 5. g3 Bg4 6. Bg2 e6 7. h3 Bxf3 8. Bxf3 c6 9. O-O Be7 10. d4 O-O 11. Ne4 Nbd7 12. Re1 Nxe4 13. Bxe4 Nf6 14. Bg2 a5 15. a4 Rc8 16. c3 c5 17. Bxb7 Rb8 18. Bg2 cxd4 19. Qxd4 Qxd4 20. cxd4 Rfd8 21. Bd2 Bb4 22. Bf4 Rbc8 23. Rec1 Nd5 24. Be3 Nxe3 25. fxe3 Bd2 26. Rxc8 Bxe3+ 27. Kf1 Rxc8 28. d5 e5 29. Rd1 Bd4 30. Be4 g6 31. b3 f5 32. Bd3 Kf8 33. Bc4 Ke7 34. Ke2 Kd6 35. Kf3 e4+ 36. Ke2 Be5 37. g4 f4 38. Rf1 g5 39. Rh1 Bd4 40. h4 f3+ 41. Ke1 h6 42. hxg5 hxg5 43. Rh6+ Ke5 44. d6 Rd8 45. Bb5 e3 46. d7 Bc3+ 47. Kf1 e2+ 48. Bxe2 fxe2+ 49. Kxe2 Rxd7 50. Rg6 Kf4 0-1

[Event "December 12 Early 2023"]
[Site "https://www.chess.com"]
[Date "2023.12.12"]
[Round "9"]
[White "Skibbe, Willi"]
[Black "Thorfinnsson, Bjorn"]
[Result "1-0"]
[Board "108"]
[TimeControl "180+1"]
[WhiteFideId "4682190"]
[BlackFideId "2300982"]
[WhiteElo "2305"]
[BlackElo "2592"]
[WhiteTeam "GER"]
[BlackTeam "ISL"]
[WhiteClock "0:00:11"]
[BlackClock "0:00:54"]

1. e4 e5 2. Nf3 Nc6 3. c3 Nf6 4. d4 d6 5. dxe5 Nxe5 6. Nxe5 dxe5 7. Qxd8+ Kxd8 8. f3 Be6 9. Be3 c6 10. Nd2 Kc7 11. Bc4 Bxc4 12. Nxc4 Nd7 13. O-O-O Be7 14. Rd2 Rhd8 15. Rhd1 f6 16. a4 Nc5 17. Bxc5 Bxc5 18. Rxd8 Rxd8 19. Rxd8 Kxd8 20. Kc2 Kc7 21. b4 Bg1 22. h3 b5 23. axb5 cxb5 24. Na5 Bb6 25. Nb3 Kd6 26. Kd3 Ke6 27. c4 bxc4+ 28. Kxc4 f5 29. Nd2 Be3 30. exf5+ Kxf5 31. Ne4 Bb6 32. g3 h5 33. h4 Ke6 34. b5 Bg1 35. Ng5+ Kd6 36. Ne4+ Kc7 37. g4 hxg4 38. fxg4 Be3 39. h5 Kd7 40. Kd5 Bf4 41. Nc5+ Ke7 42. Na6 Kf6 43. Ke4 Kg5 44. Nb8 Bh2 45. Nc6 Kxg4 46. Nxa7 Bg1 47. Nc6 Kxh5 48. Nxe5 g5 49. Nc4 g4 50. Ne3 Bh2 51. b6 Kh4 52. Ng2+ Kg3 53. Nf4 Kf2 54. b7 Bxf4 55. Kxf4 g3 56. b8=Q g2 57. Qb6+ Kf1 58. Qb5+ Kf2 59. Qb2+ Kf1 60. Kf3 g1=N+ 61. Ke3 1-0

[Event "December 12 Early 2023"]
[Site "https://www.chess.com"]
[Date "2023.12.12"]
[Round "9"]
[White "Tay, Junior"]
[Black "Zhuk, Valeriy"]
[Result "0-1"]
[Board "109"]
[TimeControl "180+1"]
[WhiteFideId "5800439"]
[BlackFideId "24151254"]
[WhiteElo "2494"]
[BlackElo "2363"]
[WhiteTeam "SGP"]
[BlackTeam "RUS"]
[WhiteClock "0:00:06"]
[BlackClock "0:00:16"]

1. e4 e6 2. Nf3 d5 3. Nc3 Nf6 4. e5 Nfd7 5. d4 c5 6. Bg5 Qb6 7. dxc5 Bxc5 8. Qd2 Bb4 9. O-O-O Nc6 10. Bf4 Qa5 11. Kb1 h6 12. h4 Nb6 13. a3 Bxc3 14. Qxc3 Qxc3 15. bxc3 Bd7 16. Nd4 a6 17. Bg3 Rc8 18. f4 Na5 19. Be1 Na4 20. Rh3 h5 21. Nb3 Nc4 22. Ka2 g6 23. f5 gxf5 24. Rg3 Ke7 25. Bxc4 Rxc4 26. Bd2 Rhc8 27. Bg5+ Ke8 28. Bf6 Bb5 29. Rg8+ Kd7 30. Rg7 Nxc3+ 31. Ka1 Nxd1 32. Rxf7+ Kc6 33. Na5+ Kb6 34. Nxc4+ Rxc4 35. Re7 Rxc2 36. Rxe6+ Bc6 37. Bd8+ Kb5 38. Kb1 Re2 39. Bg5 Nc3+ 40. Kc1 Kc4 41. Rf6 Kd3 42. Bd2 Rxd2 0-1

[Event "December 12 Early 2023"]
[Site "https://www.chess.com"]
[Date "2023.12.12"]
[Round "9"]
[White "Rangel, Daniel"]
[Black "Zaksaite, Salomeja"]
[Result "1-0"]
[Board "110"]
[TimeControl "180+1"]
[WhiteFideId "2124475"]
[BlackFideId "12801496"]
[WhiteElo "2493"]
[BlackElo "2363"]
[WhiteTeam "BRA"]
[BlackTeam "LTU"]
[WhiteClock "0:00:07"]
[BlackClock "0:00:00"]

1. e4 c5 2. Nf3 e6 3. b3 d6 4. Bb2 Nc6 5. Bb5 Nf6 6. Bxc6+ bxc6 7. e5 dxe5 8. Nxe5 Qc7 9. O-O Be7 10. Na3 O-O 11. Nac4 Bb7 12. d3 Rad8 13. a4 Ne8 14. Qe2 f6 15. Nf3 Bc8 16. Nfd2 Nd6 17. f4 Nf5 18. Nf3 Nd4 19. Nxd4 cxd4 20. Rae1 c5 21. Bc1 Rd5 22. Bd2 Re8 23. Qf3 Bf8 24. Re2 Rd7 25. Rfe1 Bb7 26. Qh3 Bd5 27. Ba5 Qb7 28. Bd2 Rf7 29. Qh5 g6 30. Qg4 Qc6 31. Qg3 Rg7 32. Na5 Qa8 33. Qg4 Qd8 34. Qg3 Qa8 35. Qh4 Qd8 36. Qh3 Bd6 37. Nc4 Bb8 38. Qg4 Qc7 39. Rf2 g5 40. Qh5 Rf8 41. fxg5 f5 42. g3 Qc8 43. h4 Ba8 44. Qe2 Qb7 45. Rh2 Qc6 46. Qf2 Qd5 47. Bf4 h6 48. Bxb8 Rxb8 49. gxh6 Rg6 50. h7+ Kxh7 51. Kf1 Rbg8 52. Qe2 Rxg3 53. Qh5+ Kg7 54. Rf2 Kf8 55. Ke2 Re3+ 56. Kd2 Rxe1 57. Kxe1 Qh1+ 58. Kd2 Rg2 59. Qh6+ Ke7 60. Qf4 Rxf2+ 61. Qxf2 Qh3 62. Qf4 Qg2+ 63. Kc1 1-0